 Dungeon Crawl Stone Soup version 0.21.1-1-g345015fe64 (webtiles) character file.

1841 Lavandula the Cleaver (level 8, 0/102 HPs)
             Began as a Centaur Berserker on June 2, 2018.
             Was a Priest of Trog.
             Slain by a warg (7 damage)
             ... on level 8 of the Dungeon.
             The game lasted 00:19:07 (2203 turns).

Lavandula the Cleaver (Centaur Berserker)           Turns: 2203, Time: 00:19:08

Health: 0/102      AC: 12    Str: 27    XL:     8   Next: 87%
Magic:  8/8        EV:  9    Int:  6    God:    Trog [***...]
Gold:   218        SH:  0    Dex:  9    Spells: 7/7 levels left

rFire    . . .     SeeInvis .   a - +0 hand axe
rCold    + . .     Gourm    .   (no shield)
rNeg     . . .     Faith    .   r - +3 ring mail {rPois}
rPois    +         Spirit   .   A - +0 helmet
rElec    .         Reflect  .   n - +2 cloak
rCorr    .         Harm     .   (no gloves)
MR       .....                  (no barding)
Stlth    ..........             (no amulet)
HPRegen  0.27/turn              (no ring)
MPRegen  0.11/turn              i - ring of protection from cold

@: berserking, very quick
A: large, hooves 3, deformed body, speed 2, tough skin 3
a: Berserk, Trog's Hand, Burn Spellbooks, Renounce Religion


You were on level 8 of the Dungeon.
You worshipped Trog.
Trog was most pleased with you.
You were near starving.

You visited 1 branch of the dungeon, and saw 8 of its levels.
You also visited: Ossuary.

You collected 218 gold pieces.

Inventory:

Hand Weapons
 a - a +0 hand axe (weapon)
 q - a +2 quarterstaff of chaos
 s - a +0 flail of holy wrath
 x - a +0 war axe
Missiles
 v - 3 tomahawks (quivered)
Armour
 b - a +0 animal skin
 j - a +0 scale mail
 n - a +2 cloak (worn)
 r - a +3 ring mail of poison resistance (worn)
 A - a +0 helmet (worn)
Jewellery
 i - a ring of protection from cold (right hand)
Wands
 B - a wand of acid (10)
Scrolls
 e - 4 scrolls of remove curse
 g - 2 scrolls of enchant weapon
 h - a scroll of amnesia
 k - 2 scrolls of fog
 w - a scroll of teleportation
 y - a scroll of blinking {unknown}
 z - a scroll of random uselessness {unknown}
Potions
 d - a potion of degeneration
 l - a potion of might {unknown}
 m - 2 potions of agility
 o - 4 potions of ambrosia
 p - a potion of heal wounds
 t - 2 potions of invisibility
 u - a potion of magic {unknown}
Comestibles
 c - 6 rations
 f - 3 chunks of flesh


   Skills:
 + Level 5.1 Fighting
 - Level 10.2 Axes
 - Level 1.4 Armour
 - Level 1.4 Dodging


You had 7 spell levels left.
You didn't know any spells.

Dungeon Overview and Level Annotations

Branches:
Dungeon (8/15)             Temple (0/1) D:6            Lair (0/6) D:8

Altars:
Gozag
Qazlal


Innate Abilities, Weirdness & Mutations

You have hooves in place of feet.
Armour fits poorly on your strangely shaped body.
You cover ground very quickly.
You have extremely tough skin. (AC +3)


Message History

Unknown command.
You closely miss the warg. Your kick misses the warg.
The warg is heavily wounded.
You barely miss the orc.
The orc wizard points at you and mumbles some strange words.
The magic dart hits you!
You barely miss the warg.
The warg is heavily wounded.
You hit the orc.
You kill the orc!
Trog accepts your kill. The warg closely misses you.
Unknown command.
You are too berserk!
Unknown command.
You closely miss the warg. You kick the warg!
The warg is almost dead.
The orc wizard gestures wildly while chanting.
The orc wizard seems to speed up.
The warg bites you!
You die...

#....... ### #.......>.l.
..# #.........o.. #.#
#.#......... #.# #.#
...ooo. #.###.####oooo ###
####..##.##.###h###.#
...<............@...#####
#####.##..####..)......o?#
# #.#...(....####.####.# #
#.#...###### #.# # #.#....
#.. # #.#...## #.## #
#.#...# #.# # #.#.... .# #
.....


You could see a warg, an orc warrior, an orc wizard and 4 orcs.

Vanquished Creatures
  The ghost of Brobocop the Chopper, an amateur HOFi (D:5)
  Grinder (D:5)
  Menkaure (Ossuary)
  A warg (D:8)
  Edmund (D:4)
  2 sky beasts
  An ogre (D:6)
  A bullfrog (D:7)
  A water moccasin skeleton (D:5)
  3 vampire bats (D:6)
  A bullfrog zombie (D:8)
  2 hounds
  4 orc priests
  Crazy Yiuf (D:3)
  2 orc wizards
  2 centaur skeletons
  2 iguanas
  A hound zombie (D:6)
  3 mummies (Ossuary)
  7 adders
  3 shadow imps
  2 worms (D:4)
  4 leopard geckos
  9 orcs
  3 giant cockroaches
  7 goblins
  3 hobgoblins
  5 jackals
  2 quokkas (D:6)
  11 bats
  2 frilled lizards (D:2)
  A gnoll skeleton (Ossuary)
  A goblin zombie (Ossuary)
  A hobgoblin skeleton (Ossuary)
  A hobgoblin zombie (Ossuary)
  3 kobolds
  A quokka skeleton (D:4)
  A quokka zombie (D:6)
  A rat skeleton (Ossuary)
  A rat zombie (D:6)
100 creatures vanquished.

Vanquished Creatures (others)
  3 gnoll skeletons (Ossuary)
  2 goblin skeletons (Ossuary)
  2 goblin zombies (Ossuary)
  A kobold skeleton (Ossuary)
  2 kobold zombies (Ossuary)
  An orc skeleton (Ossuary)
  2 orc zombies (Ossuary)
  A rat zombie (Ossuary)
14 creatures vanquished.

Grand Total: 114 creatures vanquished

Notes
Turn   | Place    | Note
-------+----------+-------------------------------------------
     0 | D:1      | Lavandula the Centaur Berserker began the quest for the Orb.
     0 | D:1      | Reached XP level 1. HP: 19/19 MP: 1/1
    62 | D:2      | Reached skill level 3 in Axes
   189 | D:2      | Reached XP level 2. HP: 21/26 MP: 2/2
   289 | D:3      | Found a stormy altar of Qazlal.
   360 | D:3      | Found a runed door.
   364 | D:3      | Noticed Crazy Yiuf
   464 | D:2      | Reached XP level 3. HP: 3/31 MP: 3/3
   537 | D:3      | Reached skill level 4 in Axes
   537 | D:3      | Reached ** piety under Trog
   584 | D:3      | Killed Crazy Yiuf
   584 | D:3      | Reached XP level 4. HP: 13/38 MP: 4/4
   799 | D:4      | Noticed Edmund
   808 | D:4      | Killed Edmund
   808 | D:4      | Reached skill level 5 in Axes
   808 | D:4      | Reached XP level 5. HP: 33/45 MP: 5/5
   848 | D:4      | Reached skill level 6 in Axes
  1024 | D:5      | Entered Level 5 of the Dungeon
  1068 | D:5      | Noticed Grinder
  1081 | D:5      | Killed Grinder
  1081 | D:5      | Reached skill level 7 in Axes
  1081 | D:5      | Reached XP level 6. HP: 41/51 MP: 6/6
  1093 | D:5      | Noticed a sky beast
  1153 | D:5      | Reached XP level 7. HP: 57/57 MP: 7/7
  1362 | D:5      | Noticed Brobocop's ghost (amateur HOFi)
  1377 | D:5      | Killed Brobocop's ghost
  1377 | D:5      | Reached skill level 8 in Axes
  1497 | D:6      | Reached skill level 9 in Axes
  1497 | D:6      | Reached XP level 8. HP: 63/63 MP: 8/8
  1623 | D:6      | Reached *** piety under Trog
  1690 | D:6      | Found a sand-covered staircase.
  1701 | Ossuary  | Entered an ossuary
  1729 | Ossuary  | Noticed Menkaure
  1740 | Ossuary  | Killed Menkaure
  1818 | D:6      | Found an opulent altar of Gozag.
  1905 | D:6      | Found a staircase to the Ecumenical Temple.
  1937 | D:7      | Reached skill level 10 in Axes
  2183 | D:8      | Found a staircase to the Lair.
  2199 | D:8      | Reached skill level 5 in Fighting
  2203 | D:8      | Slain by a warg

Skill      XL: |  1  2  3  4  5  6  7  8 |
---------------+-------------------------+-----
Axes           | 3 4 5 7 9 10 | 10.2
Fighting       | 5 |  5.1
Armour         | |  1.4
Dodging        | |  1.4

Action                   |  1- 3 |  4- 6 |  7- 9 || total
-------------------------+-------+-------+-------++-------
Melee: Hand axe          |    56 |    46 |   147 ||   249
       Kick              |     7 |    14 |    36 ||    57
Invok: Berserk           |     2 |     3 |     6 ||    11
  Use: Scroll            |     1 |     4 |    10 ||    15
  Eat: Ration            |       |     1 |     1 ||     2
       Chunk             |       |       |     5 ||     5
Armor: Animal skin       |    17 |       |       ||    17
       Scale mail        |     2 |       |       ||     2
       Ring mail         |       |    14 |    97 ||   111
Dodge: Dodged            |    24 |    13 |    70 ||   107
